TOP OF THE 1ST |
Elizabethton Twins batting - Pitching for Great Falls Voyagers : RHP Allen Speidel
|
Pitching: RHP Allen Speidel
|
|
Batting: RHB Andrew Nicol
|
0-0: Swinging Strike 0-1: Ball 1-1: Foul Ball, location: 2F 1-2: Ball 2-2: Foul Ball, location: 2F 2-2: SINGLE (Line Drive, 56, EV 98.8 MPH)
|
Batting: LHB David Campbell
|
0-0: Ball 1-0: Ball 2-0: Swinging Strike 2-1: Swinging Strike 2-2: Strikes out swinging
|
Batting: SHB Dan Morataya
|
0-0: Ball Andrew Nicol is caught stealing 2nd base 2-6 1-0: Ball 2-0: Called Strike 2-1: Ball 3-1: Base on Balls
|
Batting: RHB Nick Phipps
|
0-0: Called Strike 0-1: Called Strike 0-2: Foul Ball, location: 2F 0-2: Ground out 1-3 (Groundball, 34S, EV 72.5 MPH)
|
Top of the 1st over - 0 runs, 1 hit, 0 errors, 1 left on base; Elizabethton 0 - Great Falls 0 |
BOTTOM OF THE 1ST |
Great Falls Voyagers batting - Pitching for Elizabethton Twins : RHP Bud Puffer
|
Pitching: RHP Bud Puffer
|
|
Batting: RHB Andy Cotton
|
0-0: Ball 1-0: Called Strike 1-1: Ball 2-1: Foul Ball, location: 2F 2-2: Ball 3-2: Base on Balls
|
Batting: RHB Duncan Collins
|
0-0: Ball 1-0: Called Strike 1-1: Foul Ball, location: 2F 1-2: Foul Ball, location: 2F 1-2: Ball Andy Cotton is caught stealing 2nd base 2-4 2-2: Ground out 6-3 (Groundball, 6MS, EV 89.4 MPH)
|
Batting: LHB Josh Pittman
|
0-0: Ball 1-0: Ball 2-0: Ball 3-0: Called Strike 3-1: Base on Balls
|
Batting: SHB Matt Childers
|
0-0: Swinging Strike 0-1: 2-RUN HOME RUN (Flyball, 9D, EV 95.6 MPH), Distance : 373 ft
|
Batting: LHB Carlos Ramirez
|
0-0: Foul Ball, location: 2F 0-1: Ball 1-1: Ball 2-1: SINGLE (Line Drive, 56D, EV 95.0 MPH)
|
Pitching: RHP Andrew Rich
|
|
Batting: RHB Vic Lucatero
|
0-0: 2-RUN HOME RUN (Flyball, 7D, EV 99.4 MPH), Distance : 392 ft
|
Batting: SHB Jose Romo
|
0-0: Called Strike 0-1: Ball 1-1: Ball 2-1: Called Strike 2-2: DOUBLE (Flyball, 89D, EV 100.6 MPH)
|
Batting: RHB Billy Grubbs
|
0-0: Ball 1-0: Called Strike 1-1: Ball 2-1: Ball 3-1: Ground out 2-3 (Groundball, 2L, EV 62.5 MPH)
|
Bottom of the 1st over - 4 runs, 4 hits, 0 errors, 1 left on base; Elizabethton 0 - Great Falls 4 |
TOP OF THE 2ND |
Elizabethton Twins batting - Pitching for Great Falls Voyagers : RHP Allen Speidel
|
Batting: RHB Jose Gracia
|
0-0: Ball 1-0: Swinging Strike 1-1: Swinging Strike 1-2: Ball 2-2: Ball 3-2: Strikes out swinging
|
Batting: RHB Jimmy Mayville
|
0-0: Swinging Strike 0-1: Ball 1-1: Ball 2-1: Ground out 6-3 (Groundball, 6M, EV 90.0 MPH)
|
Batting: RHB Alex Belton
|
0-0: Called Strike 0-1: SINGLE (Line Drive, 34, EV 111.3 MPH)
|
Batting: LHB Jose Cotto
|
0-0: Called Strike 0-1: Ball 1-1: Foul Ball, location: 2F 1-2: Foul Ball, location: 2F 1-2: Foul Ball, location: 2F 1-2: Ball Alex Belton is caught stealing 2nd base 2-6
|
Top of the 2nd over - 0 runs, 1 hit, 0 errors, 0 left on base; Elizabethton 0 - Great Falls 4 |
BOTTOM OF THE 2ND |
Great Falls Voyagers batting - Pitching for Elizabethton Twins : RHP Andrew Rich
|
Batting: RHB Tommy Ellington
|
0-0: Ball 1-0: Called Strike 1-1: Foul Ball, location: 2F 1-2: Ball 2-2: Ball 3-2: Foul Ball, location: 2F 3-2: Base on Balls
|
Pitching: RHP Jon Hice
|
|
Batting: RHB Andy Cotton
|
0-0: Ball 1-0: Ball 2-0: Ball 3-0: Called Strike 3-1: Foul Ball, location: 2F 3-2: Base on Balls Tommy Ellington to second
|
Batting: RHB Duncan Collins
|
0-0: Ball 1-0: Called Strike 1-1: Ball 2-1: Ball 3-1: Called Strike 3-2: DOUBLE (Line Drive, 78M, EV 96.9 MPH) Tommy Ellington scores Andy Cotton to third
|
Batting: LHB Josh Pittman
|
0-0: Ball 1-0: Foul Ball, location: 2F 1-1: Ball 2-1: Ball 3-1: Base on Balls
|
Batting: SHB Matt Childers
|
0-0: Foul Ball, location: 2F 0-1: Ball 1-1: Called Strike 1-2: Foul Ball, location: 2F 1-2: GRAND SLAM HOME RUN (Flyball, 9D, EV 94.4 MPH), Distance : 377 ft
|
Batting: LHB Carlos Ramirez
|
0-0: Called Strike 0-1: Ball 1-1: SINGLE (Line Drive, 4MD, EV 106.3 MPH)
|
Batting: RHB Vic Lucatero
|
0-0: Ball 1-0: Called Strike 1-1: Ball 2-1: Ball 3-1: Called Strike 3-2: Base on Balls Carlos Ramirez to second
|
Batting: SHB Jose Romo
|
0-0: Ball 1-0: DOUBLE (Line Drive, 89M, EV 99.4 MPH) Carlos Ramirez scores Vic Lucatero to third
|
Pitching: RHP Jorge Corte
|
|
Batting: RHB Billy Grubbs
|
0-0: Ball 1-0: Swinging Strike 1-1: Foul Ball, location: 2F 1-2: Foul Ball, location: 2F 1-2: Foul Ball, location: 2F 1-2: Ball 2-2: Foul Ball, location: 2F 2-2: Strikes out swinging
|
Batting: RHB Tommy Ellington
|
0-0: Ball 1-0: Ground out 6-3 (Groundball, 6D, EV 101.3 MPH) Vic Lucatero scores
|
Batting: RHB Andy Cotton
|
0-0: Hit by Pitch
|
Batting: RHB Duncan Collins
|
0-0: Ball 1-0: SINGLE (Groundball, 34D, EV 93.8 MPH) Jose Romo to third Andy Cotton to second Runner from 3rd tries for Home, SAFE, throw by RF to home
|
Batting: LHB Josh Pittman
|
0-0: Ball 1-0: Ball 2-0: Ball 3-0: Foul Ball, location: 2F 3-1: Base on Balls Andy Cotton to third Duncan Collins to second
|
Batting: SHB Matt Childers
|
0-0: Called Strike 0-1: Ball 1-1: Ball 2-1: Ball 3-1: Foul Ball, location: 2F 3-2: Foul Ball, location: 2F 3-2: Base on Balls Andy Cotton scores Duncan Collins to third Josh Pittman to second
|
Batting: LHB Carlos Ramirez
|
0-0: Fly out, F6 (Line Drive, 6, EV 68.8 MPH)
|
Bottom of the 2nd over - 9 runs, 5 hits, 0 errors, 3 left on base; Elizabethton 0 - Great Falls 13 |
TOP OF THE 3RD |
Elizabethton Twins batting - Pitching for Great Falls Voyagers : RHP Allen Speidel
|
Batting: LHB Jose Cotto
|
0-0: Ball 1-0: Ground out 2-3 (Groundball, 15S, EV 60.6 MPH)
|
Batting: SHB Nate Januchowski
|
0-0: Ground out 3-1 (Groundball, 34, EV 104.4 MPH)
|
Batting: RHB Andrew Nicol
|
0-0: Hit by Pitch
|
Batting: LHB David Campbell
|
Pickoff Throw to First - Out! 1-3
|
Top of the 3rd over - 0 runs, 0 hits, 0 errors, 0 left on base; Elizabethton 0 - Great Falls 13 |
BOTTOM OF THE 3RD |
Great Falls Voyagers batting - Pitching for Elizabethton Twins : RHP Jorge Corte
|
Batting: RHB Vic Lucatero
|
0-0: Called Strike 0-1: Ball 1-1: Swinging Strike 1-2: Strikes out swinging
|
Batting: SHB Jose Romo
|
0-0: Called Strike 0-1: Swinging Strike 0-2: Foul Ball, location: 2F 0-2: Foul Ball, location: 2F 0-2: Fly out, F9 (Flyball, 9LM, EV 103.8 MPH)
|
Batting: RHB Billy Grubbs
|
0-0: Ball 1-0: Fly out, F3 (Popup, 3SF, EV 80.0 MPH)
|
Bottom of the 3rd over - 0 runs, 0 hits, 0 errors, 0 left on base; Elizabethton 0 - Great Falls 13 |
TOP OF THE 4TH |
Elizabethton Twins batting - Pitching for Great Falls Voyagers : RHP Allen Speidel
|
Batting: LHB David Campbell
|
0-0: Called Strike 0-1: Ball 1-1: Fly out, F9 (Flyball, 9D, EV 94.4 MPH)
|
Batting: SHB Dan Morataya
|
0-0: Ball 1-0: Foul Ball, location: 2F 1-1: Swinging Strike 1-2: Strikes out swinging
|
Batting: RHB Nick Phipps
|
0-0: Called Strike 0-1: Ball 1-1: Ground out 5-3 (Groundball, 56, EV 94.4 MPH)
|
Top of the 4th over - 0 runs, 0 hits, 0 errors, 0 left on base; Elizabethton 0 - Great Falls 13 |
BOTTOM OF THE 4TH |
Great Falls Voyagers batting - Pitching for Elizabethton Twins : RHP Jorge Corte
|
Batting: RHB Tommy Ellington
|
0-0: Called Strike 0-1: Swinging Strike 0-2: Strikes out swinging
|
Batting: RHB Andy Cotton
|
0-0: Swinging Strike 0-1: Ball 1-1: Ball 2-1: Ball 3-1: Base on Balls
|
Pitching: RHP Ewan Wijker
|
|
Batting: RHB Duncan Collins
|
0-0: Called Strike 0-1: SINGLE (Groundball, 56, EV 106.3 MPH) Andy Cotton to second
|
Batting: LHB Josh Pittman
|
0-0: Foul Ball, location: 2F 0-1: Foul Ball, location: 2F 0-2: Ball 1-2: Foul Ball, location: 2F 1-2: Ball 2-2: Ball 3-2: Grounds into double play, 6-4-3 (Groundball, 56, EV 99.4 MPH)
|
Bottom of the 4th over - 0 runs, 1 hit, 0 errors, 1 left on base; Elizabethton 0 - Great Falls 13 |
TOP OF THE 5TH |
Elizabethton Twins batting - Pitching for Great Falls Voyagers : RHP Allen Speidel
|
Batting: RHB Jose Gracia
|
0-0: Called Strike 0-1: Ball 1-1: Foul Ball, location: 2F 1-2: Strikes out swinging
|
Batting: RHB Jimmy Mayville
|
0-0: Ball 1-0: Ball 2-0: Ball 3-0: Called Strike 3-1: SOLO HOME RUN (Flyball, 9D, EV 95.0 MPH), Distance : 364 ft
|
Batting: RHB Alex Belton
|
0-0: Ball 1-0: Ground out 4-3 (Groundball, 4, EV 88.1 MPH)
|
Batting: LHB Jose Cotto
|
0-0: Foul Ball, location: 2F 0-1: Fly out, F8 (Line Drive, 8LD, EV 105.0 MPH)
|
Top of the 5th over - 1 run, 1 hit, 0 errors, 0 left on base; Elizabethton 1 - Great Falls 13 |
BOTTOM OF THE 5TH |
Great Falls Voyagers batting - Pitching for Elizabethton Twins : RHP Ewan Wijker
|
Batting: SHB Matt Childers
|
0-0: Ball 1-0: Ball 2-0: Foul Ball, location: 2F 2-1: Ball 3-1: Base on Balls
|
Batting: LHB Carlos Ramirez
|
0-0: Ball 1-0: Ball 2-0: Ball 3-0: Called Strike 3-1: Base on Balls Matt Childers to second
|
Batting: RHB Vic Lucatero
|
0-0: Foul Ball, location: 2F 0-1: Foul Ball, location: 2F 0-2: Ball 1-2: Foul Ball, location: 2F 1-2: Ball Wild Pitch! Matt Childers to third Carlos Ramirez to second 2-2: Hit by Pitch
|
Batting: SHB Jose Romo
|
0-0: Called Strike 0-1: Grounds into double play, 4-6-3 (Groundball, 4, EV 103.8 MPH) Matt Childers scores Carlos Ramirez to third
|
Batting: RHB Billy Grubbs
|
0-0: Ball 1-0: Foul Ball, location: 2F 1-1: Ball 2-1: Foul Ball, location: 2F 2-2: Foul Ball, location: 2F 2-2: Ball 3-2: Foul Ball, location: 2F 3-2: Base on Balls
|
Batting: RHB Tommy Ellington
|
0-0: Ball Wild Pitch! Carlos Ramirez scores Billy Grubbs to second 1-0: Ball 2-0: Ball 3-0: Base on Balls
|
Batting: RHB Andy Cotton
|
0-0: Swinging Strike 0-1: Foul Ball, location: 2F 0-2: Ball 1-2: Foul Ball, location: 2F 1-2: Foul Ball, location: 2F 1-2: Ball 2-2: 3-RUN HOME RUN (Flyball, 7D, EV 100.6 MPH), Distance : 370 ft
|
Pitching: RHP John Giffin
|
|
Batting: RHB Duncan Collins
|
0-0: Swinging Strike 0-1: Ball 1-1: Ball 2-1: Ground out 4-3 (Groundball, 4, EV 85.0 MPH)
|
Bottom of the 5th over - 5 runs, 1 hit, 0 errors, 0 left on base; Elizabethton 1 - Great Falls 18 |
TOP OF THE 6TH |
Elizabethton Twins batting - Pitching for Great Falls Voyagers : RHP Allen Speidel
|
Batting: SHB Nate Januchowski
|
0-0: Foul Ball, location: 2F 0-1: Swinging Strike 0-2: Ball 1-2: Strikes out swinging
|
Batting: RHB Andrew Nicol
|
0-0: Ball 1-0: Called Strike 1-1: Fly out, F9 (Flyball, 89M, EV 75.0 MPH)
|
Batting: LHB David Campbell
|
0-0: Foul Ball, location: 2F 0-1: Ball 1-1: Called Strike 1-2: Foul Ball, location: 2F 1-2: Strikes out swinging
|
Top of the 6th over - 0 runs, 0 hits, 0 errors, 0 left on base; Elizabethton 1 - Great Falls 18 |
BOTTOM OF THE 6TH |
Great Falls Voyagers batting - Pitching for Elizabethton Twins : RHP John Giffin
|
Batting: LHB Josh Pittman
|
0-0: Called Strike 0-1: Swinging Strike 0-2: Strikes out swinging
|
Batting: SHB Matt Childers
|
0-0: Called Strike 0-1: Ball 1-1: Called Strike 1-2: Strikes out swinging
|
Batting: LHB Carlos Ramirez
|
0-0: Foul Ball, location: 2F 0-1: Ball 1-1: Ball 2-1: Ball 3-1: Base on Balls
|
Batting: RHB Vic Lucatero
|
0-0: Foul Ball, location: 2F Pickoff Throw to First - Out! 1-3
|
Bottom of the 6th over - 0 runs, 0 hits, 0 errors, 0 left on base; Elizabethton 1 - Great Falls 18 |
TOP OF THE 7TH |
Elizabethton Twins batting - Pitching for Great Falls Voyagers : RHP Allen Speidel
|
Pitching: LHP Jeremy Soliday
|
|
Batting: SHB Dan Morataya
|
0-0: SOLO HOME RUN (Line Drive, 7LD, EV 94.4 MPH), Distance : 350 ft
|
Batting: RHB Nick Phipps
|
0-0: Called Strike 0-1: Ball 1-1: Ball 2-1: Foul Ball, location: 2F 2-2: Strikes out swinging
|
Pinch Hitting: RHB Rick Kendall
|
0-0: Called Strike 0-1: Ball 1-1: Swinging Strike 1-2: Strikes out swinging
|
Pinch Hitting: RHB Miguel Cardona
|
0-0: Called Strike 0-1: Ball 1-1: Ball 2-1: SINGLE (Line Drive, 9S, EV 90.6 MPH)
|
Batting: RHB Alex Belton
|
0-0: Ball 1-0: Foul Ball, location: 2F 1-1: Foul Ball, location: 2F 1-2: Ball 2-2: Ball 3-2: Strikes out swinging
|
Top of the 7th over - 1 run, 2 hits, 0 errors, 1 left on base; Elizabethton 2 - Great Falls 18 |
BOTTOM OF THE 7TH |
Great Falls Voyagers batting - Pitching for Elizabethton Twins : RHP John Giffin
|
Now at 1B: Keith Nix
|
|
Now at SS: Matthew Dodson
|
|
Batting: RHB Vic Lucatero
|
0-0: Reached on error, E3 (Groundball, 3L, EV 110.6 MPH)
|
Batting: SHB Jose Romo
|
0-0: Ball 1-0: Ball 2-0: Ball 3-0: Base on Balls Vic Lucatero to second
|
Batting: RHB Billy Grubbs
|
0-0: Swinging Strike 0-1: Called Strike 0-2: Ball 1-2: Strikes out looking
|
Batting: RHB Tommy Ellington
|
0-0: Ball 1-0: Ball 2-0: Ball 3-0: Base on Balls Vic Lucatero to third Jose Romo to second
|
Batting: RHB Andy Cotton
|
0-0: Called Strike 0-1: Ball 1-1: Ball 2-1: Fly out, F7 (Line Drive, 7, EV 95.0 MPH) Runner from 3rd tags up, SCORES, no throw by LF
|
Batting: RHB Duncan Collins
|
0-0: Ball 1-0: Ball 2-0: Called Strike 2-1: Swinging Strike 2-2: Foul Ball, location: 2F 2-2: Ball 3-2: Foul Ball, location: 2F 3-2: Ground out 3-1 (Groundball, 34, EV 83.8 MPH)
|
Bottom of the 7th over - 1 run, 0 hits, 1 error, 2 left on base; Elizabethton 2 - Great Falls 19 |
TOP OF THE 8TH |
Elizabethton Twins batting - Pitching for Great Falls Voyagers : LHP Jeremy Soliday
|
Batting: LHB Jose Cotto
|
0-0: Ball 1-0: Foul Ball, location: 2F 1-1: Ball 2-1: Called Strike 2-2: Fly out, F9 (Flyball, 9, EV 87.5 MPH)
|
Pitching: RHP Maury Compson
|
|
Batting: SHB Nate Januchowski
|
0-0: Ball 1-0: Ground out 6-3 (Groundball, 6, EV 88.1 MPH)
|
Batting: RHB Andrew Nicol
|
0-0: Ground out 6-3 (Groundball, 6MS, EV 89.4 MPH)
|
Top of the 8th over - 0 runs, 0 hits, 0 errors, 0 left on base; Elizabethton 2 - Great Falls 19 |
BOTTOM OF THE 8TH |
Great Falls Voyagers batting - Pitching for Elizabethton Twins : RHP John Giffin
|
Pitching: RHP Noah Davies
|
|
Batting: LHB Josh Pittman
|
0-0: Ball 1-0: Ball 2-0: Called Strike 2-1: Swinging Strike 2-2: Ball 3-2: Base on Balls
|
Batting: SHB Matt Childers
|
0-0: Called Strike 0-1: Swinging Strike 0-2: Ball 1-2: Ball 2-2: Foul Ball, location: 2F 2-2: Strikes out looking
|
Pinch Hitting: RHB Riemer de Jonge
|
0-0: Called Strike 0-1: Ball 1-1: Called Strike 1-2: Ball 2-2: Foul Ball, location: 2F 2-2: Strikes out looking
|
Batting: RHB Vic Lucatero
|
0-0: Called Strike 0-1: Ball 1-1: Ball 2-1: Swinging Strike 2-2: Strikes out swinging
|
Bottom of the 8th over - 0 runs, 0 hits, 0 errors, 1 left on base; Elizabethton 2 - Great Falls 19 |
TOP OF THE 9TH |
Elizabethton Twins batting - Pitching for Great Falls Voyagers : RHP Maury Compson
|
Now at 1B: Riemer de Jonge
|
|
Batting: LHB David Campbell
|
0-0: Ball 1-0: Ball 2-0: Called Strike 2-1: Swinging Strike 2-2: Strikes out swinging
|
Batting: SHB Dan Morataya
|
0-0: Ball 1-0: Called Strike 1-1: Swinging Strike 1-2: DOUBLE (Line Drive, 9LS, EV 98.8 MPH)
|
Batting: RHB Nick Phipps
|
0-0: Called Strike 0-1: Ball 1-1: Called Strike 1-2: Ball 2-2: Ball 3-2: Strikes out swinging
|
Pinch Hitting: SHB Chris Hull
|
0-0: Ball 1-0: Called Strike 1-1: Swinging Strike 1-2: Hit by Pitch
|
Batting: RHB Keith Nix
|
|
Pinch Hitting: LHB Jiong Shui
|
0-0: Swinging Strike 0-1: Foul Ball, location: 2F 0-2: Fly out, F9 (Flyball, 9D, EV 95.0 MPH)
|
Top of the 9th over - 0 runs, 1 hit, 0 errors, 2 left on base; Elizabethton 2 - Great Falls 19 |
|